 Dungeon Crawl Stone Soup version 0.19.1 (webtiles) character file.

10000 Host24 the Nimble (level 11, -8/66 HPs)
             Began as a Kobold Necromancer on Dec 18, 2016.
             Was a Priest of Hepliaklqana.
             Mangled by a stone giant (36 damage)
             ... on level 9 of the Dungeon.
             The game lasted 01:21:53 (15082 turns).

Host24 the Nimble (Kobold Necromancer)             Turns: 15082, Time: 01:21:55

Health: -8/66      AC:  8    Str:  7    XL:     11   Next: 84%
Magic:  30/32      EV: 23    Int: 22    God:    Hepliaklqana [***...]
Gold:   546        SH:  0    Dex: 15    Spells: 3 memorised, 21 levels left

rFire  . . .     SeeInvis .     l - +1 blowgun
rCold  + . .     Gourm    .     a - +1 robe of Agoraphobia {rC+ rN+ Int+3} (curse)
rNeg   + . .     Faith    .     (shield restricted)
rPois  .         Spirit   .     u - +0 helmet
rElec  .         Reflect  .     X - +2 cloak {MR+}
rCorr  .         Harm     .     z - +0 pair of gloves
MR     +....                    (no boots)
Stlth  ++........               (no amulet)
                                (no ring)
                                N - ring of magical power

@: no status effects
A: reduced essence, carnivore 3
a: Recall Ancestor, Ancestor Identity, Transference, Renounce Religion


You were on level 9 of the Dungeon.
You worshipped Hepliaklqana.
Hepliaklqana was most pleased with you.
You were completely stuffed.

You visited 3 branches of the dungeon, and saw 11 of its levels.
You also visited: Bailey.

You collected 546 gold pieces.

Inventory:

Hand Weapons
 l - a +1 blowgun (weapon)
 m - a +4 short sword
 q - a +0 flail of crushing
 r - a +2 dagger of protection
 x - a +2 flail of draining
 U - a +0 shortbow
Missiles
 d - 31 poisoned needles (quivered)
 o - 56 stones
 t - 3 tomahawks
 T - 58 arrows
Armour
 a - the cursed +1 robe of Agoraphobia (worn) {rC+ rN+ Int+3}
   (You found it on level 1 of the Lair of Beasts)

   It affects your intelligence (+3).
   It protects you from cold.
   It protects you from negative energy.
   It has a curse placed upon it.
 g - a +0 scale mail of magic resistance
 p - a +2 robe of fire resistance
 u - a +0 helmet (worn)
 z - a +0 pair of gloves (worn)
 X - a +2 cloak of magic resistance (worn)
Jewellery
 e - an uncursed ring of positive energy {unknown}
 v - a +5 ring of strength {unknown}
 N - a ring of magical power (left hand)
Wands
 y - a wand of random effects (22/48)
 P - a wand of disintegration (10/24)
 Q - a wand of lightning (9/15)
Scrolls
 f - 3 scrolls of teleportation
 i - a scroll of fear
 w - a scroll of vulnerability {unknown}
 Z - 2 scrolls of blinking
Potions
 h - a potion of flight
 j - 4 potions of lignification
 k - 9 potions of curing
 n - a potion of cancellation
 s - 2 potions of berserk rage
 M - 4 potions of heal wounds
 S - 2 potions of magic
Books
 A - a book of Necromancy

   Spells                             Type                      Level
   a - Pain                           Necromancy                   1
   b - Animate Skeleton               Necromancy                   1
   c - Vampiric Draining              Necromancy                   3
   d - Regeneration                   Charms/Necromancy            3
   e - Animate Dead                   Necromancy                   4
   f - Control Undead                 Necromancy                   4
Miscellaneous
 c - a phial of floods
Comestibles
 b - a beef jerky
 B - 5 chunks of flesh


   Skills:
 - Level 11.0 Fighting
 - Level 4.0 Bows
 - Level 2.0 Throwing
 + Level 2.5 Armour
 - Level 11.2 Dodging
 - Level 2.6 Stealth
 - Level 8.1 Spellcasting
 - Level 8.0 Necromancy
 - Level 5.0 Evocations


You had 21 spell levels left.
You knew the following spells:

 Your Spells              Type           Power        Failure   Level  Hunger
a - Pain                  Necr           ####         1%          1    None
b - Animate Skeleton      Necr           N/A          1%          1    None
c - Vampiric Draining     Necr           #####.....   1%          3    None


Dungeon Overview and Level Annotations

Branches:
Dungeon (9/15)             Temple (0/1) D:7            Lair (1/6) D:8
    Orc (1/2) D:9

Altars:
Cheibriados
Elyvilon
Fedhas
Hepliaklqana
Makhleb
Qazlal
Ru
Trog
Xom
Yredelemnul
Zin
The Shining One

Annotations:
Orc:1 Snorg


Innate Abilities, Weirdness & Mutations

You are small and have problems with some larger weapons.
You are carnivorous and can eat meat at any time.
Your life essence is reduced. (-10% HP)


Message History

Confirm with . or Enter, or press ? or * to list all spells.
Aiming: Pain
Press: ? - help, Shift-Dir - straight line, f/p - stone giant
Aim: a stone giant (heavily wounded, poisoned, chance to defeat MR: 37%)
The stone giant easily resists.
Your black bear skeleton bites the stone giant but does no damage.
Your black bear skeleton claws the stone giant but does no damage. x2
Your bullfrog skeleton hits the stone giant but does no damage.
The stone giant looks more healthy.
Your bullfrog skeleton hits the stone giant but does no damage.
Firing (i - inventory. (,) - cycle):
d - 32 poisoned needles (quivered)
Press: ? - help, Shift-Dir - straight line, f/p - stone giant
Aim: a stone giant (moderately wounded)
You shoot a poisoned needle.
The poisoned needle hits the stone giant.
The stone giant is poisoned.
The stone giant is moderately wounded.
The stone giant hits you!!!
Ouch! That really hurt!
You die...

##.............................
#....).........[..............#
#.....[.......................#
#.............................#
#.............................#
###......)[(....................#
#........)<..Z..................#
#+##....()....Z..................
.........).####C@...###.####.....
....####...#######..# #.#........
....# #...##.......###.#.......#
########.[.##........##.#.......#
#..................##.#.......#
#...#.....#........##.####.....
#..................##.####....#
###.#..#########.#..#.#.##...##
#......# #.##....)......#


You could see a stone giant, a friendly bullfrog skeleton and a friendly black
bear skeleton.

Vanquished Creatures
  Pikel (D:4)
  An orc knight (Bailey)
  Joseph (D:9)
  2 two-headed ogres (D:8)
  2 hippogriffs
  2 wargs (D:8)
  A water moccasin (Lair:1)
  A porcupine (Lair:1)
  3 slaves (D:3)
  3 orc warriors
  2 black bears (D:9)
  3 ogres
  A centaur (D:9)
  A big kobold (D:8)
  2 bullfrogs
  A scorpion (D:8)
  9 killer bees
  2 howler monkeys (D:8)
  2 jellies
  A quasit (D:6)
  4 hounds
  9 orc priests
  Crazy Yiuf (D:7)
  11 orc wizards
  2 bullfrog skeletons
  A gnoll shaman (D:8)
  An iguana (D:4)
  8 worker ants
  20 gnolls
  9 adders
  2 shadow imps
  2 oozes
  3 adder skeletons
  4 worms
  7 dart slugs (D:4)
  6 leopard geckos
  47 orcs
  3 giant cockroaches
  10 goblins
  24 hobgoblins
  A jackal (D:3)
  18 kobolds
  6 quokkas
  2 ball pythons
  6 bats
  6 frilled lizards
  10 rats
264 creatures vanquished.

Vanquished Creatures (collateral kills)
  The ghost of Meow the Chiller, a novice GrIE of Okawaru (Lair:1)
  A black mamba (Lair:1)
  A komodo dragon (Lair:1)
  Sigmund (D:5)
  A warg (D:8)
  An orc warrior (D:9)
  A phantom (D:8)
  A centaur (D:8)
  2 bullfrogs
  A killer bee (D:8)
  A bullfrog zombie (D:9)
  An orc priest (D:8)
  A hound (D:8)
  A bullfrog skeleton (D:6)
  6 orc wizards
  A hound zombie (D:5)
  A worker ant zombie (D:7)
  3 gnolls
  An adder (D:4)
  A shadow imp (D:9)
  2 adder skeletons
  A dart slug (D:4)
  A leopard gecko (D:8)
  9 orcs
  3 goblins
  A jackal (D:4)
  A frilled lizard (D:3)
  A kobold (Bailey)
  A leopard gecko skeleton (D:8)
48 creatures vanquished.

Vanquished Creatures (others)
  A bullfrog skeleton (D:4)
  7 battlemagi
  Robin (D:4)
  4 ancestors
  6 goblins (D:4)
  2 fungi (Lair:1)
21 creatures vanquished.

Grand Total: 333 creatures vanquished

Notes
Turn   | Place    | Note
-------+----------+-------------------------------------------
     0 | D:1      | Host24 the Kobold Necromancer began the quest for the Orb.
     0 | D:1      | Reached XP level 1. HP: 10/10 MP: 3/3
     2 | D:1      | Learned a level 1 spell: Animate Skeleton
   291 | D:1      | Reached XP level 2. HP: 14/15 MP: 1/5
   898 | D:1      | Reached XP level 3. HP: 19/19 MP: 5/7
  1027 | D:2      | Found a faded altar of an unknown god.
  1120 | D:2      | Found a sacrificial altar of Ru.
  1370 | D:2      | Reached XP level 4. HP: 20/24 MP: 5/10
  1530 | D:2      | Found a glowing golden altar of the Shining One.
  1723 | D:2      | Reached skill level 1 in Fighting
  2190 | D:3      | Reached XP level 5. HP: 25/31 MP: 4/11
  2490 | D:3      | Found a hazy altar of Hepliaklqana.
  2490 | D:3      | Found a faded altar of an unknown god.
  2499 | D:3      | Found a faded altar of an unknown god.
  2501 | D:3      | Found a faded altar of an unknown god.
  2502 | D:3      | Found a faded altar of an unknown god.
  2514 | D:3      | Became a worshipper of Hepliaklqana the Forgotten
  2667 | D:3      | Found a bloodstained altar of Trog.
  2676 | D:3      | Found a basalt altar of Yredelemnul.
  2887 | D:3      | Found a glowing silver altar of Zin.
  3144 | D:3      | Found a burning altar of Makhleb.
  3391 | D:3      | Reached XP level 6. HP: 24/34 MP: 7/12
  3505 | D:4      | Found a blossoming altar of Fedhas.
  3509 | D:4      | Noticed a slave
  3509 | D:4      | Noticed a slave
  4118 | D:4      | Noticed Pikel
  4231 | D:4      | Noticed a slave
  4231 | D:4      | Noticed a slave
  4278 | D:3      | Killed a slave
  4388 | D:3      | Killed a slave
  4559 | D:4      | Reached skill level 5 in Spellcasting
  4664 | D:3      | Killed a slave
  5018 | D:4      | Noticed an ogre
  5067 | D:4      | Reached XP level 7. HP: 28/38 MP: 5/15
  5101 | D:4      | Killed Pikel
  5101 | D:4      | Reached XP level 8. HP: 32/43 MP: 5/19
  5324 | D:4      | Noticed Robin
  5331 | D:4      | Killed Robin
  5516 | D:5      | Entered Level 5 of the Dungeon
  5548 | D:5      | Reached * piety under Hepliaklqana
  5558 | D:5      | Reached skill level 5 in Fighting
  5807 | D:5      | Noticed Sigmund
  5824 | D:5      | Killed Sigmund
  5824 | D:5      | Reached skill level 5 in Dodging
  6353 | D:6      | Reached XP level 9. HP: 24/48 MP: 21/21
  6688 | D:6      | Found a shimmering altar of Xom.
  6688 | D:6      | Found a snail-covered altar of Cheibriados.
  7087 | D:6      | Reached skill level 5 in Necromancy
  7189 | D:6      | Reached ** piety under Hepliaklqana
  7194 | D:6      | Remembered your ancestor Edmée as a battlemage
  7445 | D:6      | Found a white marble altar of Elyvilon.
  7528 | D:7      | Reached skill level 1 in Armour
  7624 | D:7      | Noticed a hippogriff
  7633 | D:7      | Killed a hippogriff
  7649 | D:7      | Found a flagged portal.
  7717 | Bailey   | Entered a bailey
  7830 | Bailey   | Noticed an orc knight
  8004 | Bailey   | Killed an orc knight
  8216 | Bailey   | Reached skill level 10 in Fighting
  8216 | Bailey   | Reached XP level 10. HP: 49/61 MP: 22/22
  8278 | D:7      | Found a staircase to the Ecumenical Temple.
  8350 | D:7      | Found a stormy altar of Qazlal.
  8483 | D:7      | Found a runed door.
  9095 | D:7      | Noticed Crazy Yiuf
  9103 | D:7      | Killed Crazy Yiuf
  9292 | D:8      | Reached *** piety under Hepliaklqana
  9413 | D:8      | Reached skill level 5 in Evocations
  9417 | D:8      | Reached XP level 11. HP: 24/65 MP: 8/23
 10121 | D:8      | Found a staircase to the Lair.
 10586 | D:8      | Reached skill level 1 in Throwing
 11577 | D:9      | Noticed a stone giant
 11956 | D:9      | Noticed Joseph
 12002 | D:9      | HP: 2/65 [Joseph/sling bullet (13)]
 12005 | D:9      | Killed Joseph
 12316 | Lair:1   | Entered Level 1 of the Lair of Beasts
 12405 | Lair:1   | Got a smoking robe
 12413 | Lair:1   | Identified the cursed +1 robe of Agoraphobia {rC+ rN+ Int+3} (You found it on level 1 of the Lair of Beasts)
 12418 | Lair:1   | Learned a level 3 spell: Vampiric Draining
 12879 | Lair:1   | Reached skill level 1 in Bows
 13023 | Lair:1   | Noticed Meow's ghost (novice GrIE)
 13037 | Lair:1   | Noticed a four-headed hydra
 13073 | Lair:1   | Killed Meow's ghost
 14990 | D:9      | Found a staircase to the Orcish Mines.
 15025 | Orc:1    | Entered Level 1 of the Orcish Mines
 15025 | Orc:1    | Noticed Snorg
 15082 | D:9      | Mangled by a stone giant

Skill      XL: |  1  2  3  4  5  6  7  8  9 10 11 |
---------------+----------------------------------+-----
Spellcasting   | 3 4 5 7 8 |  8.1
Fighting       | 2 4 5 10 11 | 11.0
Dodging        | 3 6 11 | 11.2
Necromancy     | 5 6 8 |  8.0
Armour         | 2 |  2.5
Evocations     | 4 5 |  5.0
Throwing       | 2 |  2.0
Bows           | 4 |  4.0
Stealth        | |  2.6

Action                   |  1- 3 |  4- 6 |  7- 9 | 10-12 || total
-------------------------+-------+-------+-------+-------++-------
Melee: Mace              |     8 |    12 |    39 |       ||    59
       Dagger            |       |       |    20 |       ||    20
       Quarterstaff      |       |       |       |    11 ||    11
       Short sword       |       |       |       |    43 ||    43
       Flail             |       |       |       |    14 ||    14
       Scimitar          |       |       |       |     5 ||     5
 Fire: Blowgun           |       |    13 |    36 |    96 ||   145
       Shortbow          |       |       |     1 |     8 ||     9
 Cast: Pain              |    49 |   188 |   193 |   324 ||   754
       Animate Skeleton  |    19 |    23 |    40 |    39 ||   121
Invok: Ancestor Identity |       |     1 |       |       ||     1
       Recall Ancestor   |       |       |     1 |     2 ||     3
       Ancestor Life: Ba |       |       |     1 |       ||     1
Evoke: Wand              |       |       |     6 |       ||     6
  Use: Scroll            |       |     1 |    13 |    11 ||    25
       Potion            |       |       |    11 |     4 ||    15
 Stab: Sleeping          |       |       |     3 |     1 ||     4
       Distracted        |       |       |       |     2 ||     2
  Eat: Chunk             |    10 |    10 |    11 |    21 ||    52
Armor: Robe              |     4 |    16 |    46 |    65 ||   131
       Skin              |       |       |    14 |       ||    14
       Leather armour    |       |       |     1 |       ||     1
Dodge: Dodged            |    12 |    54 |   181 |   419 ||   666
       Rpst.: Scimitar   |       |       |       |     3 ||     3
